Arrhythmia, chaotic female vampiric Convict --------##########################[###################### |......-# #---- # # |......| #|.. # ### ----------- |.......# #|.- #######..........| |.<....|##############%.| # ###|.........| |......+# #|I| # #..........| --------# #|@- # |.........| # #|... ##0####..........| # #|.--- ----------- ## #|.| #-------- #|.| #|......| #|.| #|......| #|.| #[.>.....###**#|.| -------- |.| |.- |. --- Arrhythmia the Jail-bird Experience level: 7 Strength: 16 Dexterity: 13 Constitution: 20 Intelligence: 11 Wisdom: 8 Charisma: 7 Health: 0(72) Energy: 42(42) AC: -2 Gold: 367 Moves: 3000 Your Inventory: Coins $ - 367 gold pieces Armor b - a cursed +0 striped shirt o - an [uncursed] +0 cloak of displacement u - an [uncursed] +0 dwarvish mithril-coat (being worn) v - an [uncursed] +0 hard hat [dwarvish iron helm] (being worn) x - a cursed +0 large round shield [dwarvish roundshield] (being worn) y - an [uncursed] +0 pair of hard shoes [iron] (being worn) Comestibles i - an [uncursed] Hot Futa Mare Dick named Lucky Charm Scrolls k - a [blessed] scroll labeled PRATYAVAYAH [of magic mapping] q - an [uncursed] scroll labeled SODALG [of identify] Potions d - an [uncursed] potion of oil m - an [uncursed] swirly potion [of see invisible] Rings t - an [uncursed] twisted ring [of sustain ability] Gems f - an [uncursed] black gem [obsidian] Iron balls c - an [uncursed] rusty heavy iron ball (chained to you) (weapon in hand) Spells known in the end: Name Level Category Fail Memory Your skills at the end: Fighting Skills Weapon Skills sling [Basic / Skilled] Spellcasting Skills Final Attributes: You were piously aligned. Hunger level was 696. Your alignment was 24 / 25. Monster difficulty range was 1 - 6. Level difficulty was 6. You were immune to poison. You were immune to level-drain. You were immune to sickness. You were blinded. You were punished. You could fly. You could survive without air. You regenerated. You were lucky (1). You are dead. Vanquished creatures: a black pudding a gnome mummy a mountain nymph a yellow light 2 gnome lords 5 gnomish wizards a giant ant 5 dwarves a rothe 2 monkeys a wererat an iguana 2 acid blobs 5 hobbits a hobgoblin 4 giant rats a cave spider 2 yellow molds 21 gnomes 2 geckos a kobold 2 sewer rats 2 grid bugs 3 lichens a kobold zombie 2 newts 71 creatures vanquished. Voluntary challenges: You went without food. You were illiterate. You never hit with a wielded weapon. You put on armor 8 times. You never genocided any monsters. You never polymorphed an object. You never changed form. You used no wishes. You abstained from Elbereth's help. You never encountered a bones level. You never used any Sokoban shortcuts. Dungeon overview: The Dungeons of Doom: levels 1 to 4 Level 1 (Succ) a sink a long staircase Level 3 a fountain stairs to The Gnomish Mines The Gnomish Mines: levels 4 to 6 Level 4 stairs to The Dungeons of Doom Level 6 <- You were here History has recorded: On T:1 you entered the Dungeons of Doom to retrieve the Amulet of Yendor! On T:12 you advanced to experience level 2. On T:306 you advanced to experience level 3. On T:318 you advanced to experience level 4. On T:668 you reached level 2 of The Dungeons of Doom. On T:1072 you advanced to experience level 5. On T:1105 you reached level 3 of The Dungeons of Doom. On T:1565 you reached level 4 of The Dungeons of Doom. On T:1827 you reached level 1 of The Gnomish Mines. On T:1845 you advanced to experience level 6. On T:2275 you reached level 2 of The Gnomish Mines. On T:2355 you advanced to experience level 7. On T:2702 you reached level 3 of The Gnomish Mines. Latest messages: The air crackles around the gnomish wizard. The gnomish wizard points all around, then curses. You kill the gnomish wizard! (2x) You kill the rothe! The monkey misses. (2x) You kill the monkey! A watch captain yells: "Hey! You are the one from the wanted poster!" You see an angry guard approaching! You miss the yellow light. (2x) The yellow light explodes! You are blinded by a blast of light! Wait! There's something there you can't see! You miss it. You bite it. It hits! (2x) [HP-19=53] You miss it. (2x) It hits! (2x) [HP-27=26] You miss it. (2x) It hits! (2x) You die... Final status: Goodbye Arrhythmia the Convict... You died in The Gnomish Mines on dungeon level 6 with 2839 points, and 367 pieces of gold, after 3000 moves. You were level 7 with a maximum of 72 hit points when you died.